 Dungeon Crawl Stone Soup version 0.29-a0-823-gc37b1572da (webtiles) character file.

Game seed: 10336856184373709748

1541 bande the Chopper (level 8, -5/50 HPs)
             Began as a Gargoyle Fighter on July 9, 2022.
             Was a Follower of Okawaru.
             Killed by divine providence
             ... invoked by a smoke demon
              (12 damage)
             ... on level 1 of the Abyss.
             The game lasted 00:14:29 (9392 turns).

bande the Chopper (Gargoyle Fighter)                Turns: 9392, Time: 00:14:30

Health: -5/50      AC: 21    Str: 19    XL:     8   Next: 86%
Magic:  10/10      EV:  7    Int: 10    God:    Okawaru [*.....]
Gold:   50         SH:  5    Dex: 11    Spells: 7/7 levels left

rFire   . . .      SeeInvis .   a - +1 war axe
rCold   . . .      Faith    .   c - +0 buckler
rNeg    + . .      Spirit   .   o - +0 chain mail
rPois   ∞          Reflect  .   e - +1 helmet
rElec   +          Harm     .   (no cloak)
rCorr   .          Rampage  .   (no gloves)
Will    +....                   (no boots)
Stlth   ..........              (no amulet)
HPRegen 0.16/turn               i - +4 ring of protection
MPRegen 0.12/turn               y - ring of willpower

@: no status effects
A: sickness immunity, AC +5, negative energy resistance 1, electricity
resistance, torment resistance 1, petrification resistance
a: Renounce Religion, Heroism


You were on level 1 of the Abyss.
You worshipped Okawaru.
Okawaru was aware of your devotion.
You visited 1 branch of the dungeon, and saw 6 of its levels.
You visited the Abyss 1 time.

You collected 281 gold pieces.
You spent 231 gold pieces at shops.

Inventory:

Hand Weapons
 a - a +1 war axe (weapon)
 b - a +0 flail
 x - a +1 mace of holy wrath
Missiles
 v - 3 throwing nets (quivered)
Armour
 c - a +0 buckler (worn)
 e - a +1 helmet (worn)
 o - a +0 chain mail (worn)
Jewellery
 h - a ring of positive energy
 i - a +4 ring of protection (left hand)
 u - a ring of magical power
 y - a ring of willpower (right hand)
Wands
 q - a wand of flame (44)
 s - a wand of roots (14)
Scrolls
 l - 2 scrolls of enchant weapon
 p - a scroll of magic mapping
 t - a scroll of fog
 z - a scroll of enchant armour
 A - a scroll of amnesia
 B - a scroll of identify
Potions
 d - a potion of might
 f - a potion of haste
 g - 4 potions of mutation
 j - a potion of invisibility {unknown}
 k - 2 potions of ambrosia
 m - 5 potions of curing
 n - 2 potions of brilliance
 r - 3 potions of heal wounds
 w - 2 potions of cancellation


   Skills:
 + Level 5.5 Fighting
 + Level 6.9 Axes
 + Level 5.6 Armour
 + Level 4.6 Shields
 * Level 2.9 Invocations
 * Level 2.6 Evocations


You had 7 spell levels left.
You didn't know any spells.
Your spell library contained the following spells:

 Spells                   Type           Power      Damage    Failure   Level
 Beastly Appendage        Tmut           0%         N/A       99%         1
 Necrotise                Necr           0%         1d4       99%         1
 Wereblood                Tmut           0%         N/A       100%        2
 Spider Form              Tmut/Pois      0%         N/A       100%        3
 Vampiric Draining        Necr           0%         2d6       100%        3
 Hailstorm                Conj/Ice       0%         3d3       100%        4
 Ice Form                 Ice/Tmut       0%         N/A       100%        4
 Agony                    Necr           0%         N/A       100%        5
 Blade Hands              Tmut           0%         N/A       100%        5
 Iron Shot                Conj/Erth      0%         9d1       100%        6
 Animate Armour           Summ/Erth      Unusable   N/A       N/A         4
 Simulacrum               Ice/Necr       Unusable   N/A       N/A         6

Dungeon Overview and Level Annotations

Branches:
Dungeon (6/15)
 Temple: D:4-7

Altars:
Dithmenos
Elyvilon
Okawaru

Shops:
D:6 !

Annotations:
D:6 Maggie


Innate Abilities, Weirdness & Mutations

You are immune to sickness and miasma.
Your stone body is resilient. (AC +5)
You are immune to poison.
You resist negative energy. (rN+)
You are resistant to electric shocks. (rElec)
You are resistant to unholy torment.
You are immune to petrification.


Message History

You hit the hellwing but do no damage.
The hellwing is moderately wounded.
You barely miss the smoke demon.
The hellwing burns!
The smoke demon hits you but does no damage. x2
You block the smoke demon's attack.
The hellwing hits you but does no damage. x2
You block the hellwing's attack.
The hellwing hits you but does no damage.
The smoke demon hits you but does no damage. x3
You hit the hellwing.
The hellwing is heavily wounded.
You slash the smoke demon!
The hellwing burns!
The hellwing stops burning.
The smoke demon hits you.
* * * LOW HITPOINT WARNING * * *
The smoke demon hits you but does no damage. x2
The hellwing barely misses you. You block the hellwing's attack.
You hit the hellwing.
The hellwing is severely wounded.
You closely miss the smoke demon. The smoke demon barely misses you. x3
The hellwing hits you but does no damage.
The hellwing hits you.
* * * LOW HITPOINT WARNING * * *
You hit the hellwing.
The hellwing is severely wounded.
You barely miss the smoke demon.
The smoke demon hits you but does no damage.
You block the smoke demon's attack. x2
The hellwing hits you but does no damage. x2
You hit the hellwing.
The hellwing is severely wounded.
You barely miss the smoke demon. The smoke demon closely misses you.
The smoke demon hits you but does no damage. x2
The hellwing hits you but does no damage. x2
Unknown command.
You barely miss the hellwing.
The hellwing is severely wounded.
You hit the smoke demon. The smoke demon gestures at you. Something smites you!
You die...

...### #.
.# # . .##
....# # .
#.###.# #.
#####..# .
# # ##
##...##
##.....
#.## #
.sx.3.#
.#..#..# #
###3##. #
# #
..#@#.####
...
#.4#### .
...#. #
#...#...
#.....#.#
.# #.# . #
### # . ..


You could see a hellwing and a smoke demon.

Vanquished Creatures
  2 ogres
  A centaur (D:6)
  5 scorpions
  3 wights (D:6)
  2 hounds (D:6)
  A jelly (D:4)
  3 orc priests
  An iron imp (Abyss:1)
  2 gnoll boudas (D:5)
  Ijyb (D:3)
  An iguana (D:5)
  7 orc wizards
  5 adders
  13 gnolls
  A white imp (D:4)
  An ufetubus (D:5)
  A worm (D:5)
  3 dart slugs
  35 orcs
  8 endoplasms
  6 giant cockroaches
  8 goblins
  10 hobgoblins
  2 jackals (D:1)
  13 kobolds
  3 quokkas
  7 ball pythons
  8 bats
  8 frilled lizards
  2 rats
163 creatures vanquished.

Vanquished Creatures (others)
  3 fungi (D:4)
  8 plants
11 creatures vanquished.

Grand Total: 174 creatures vanquished

Notes
Turn   | Place    | Note
-------+----------+-------------------------------------------
     0 | D:1      | bande the Gargoyle Fighter began the quest for the Orb.
     0 | D:1      | Reached XP level 1. HP: 14/14 MP: 1/1
   227 | D:1      | Reached XP level 2. HP: 19/19 MP: 2/2
   469 | D:1      | Reached skill level 2 in Axes
   869 | D:1      | Reached XP level 3. HP: 24/24 MP: 3/3
  2038 | D:2      | Reached XP level 4. HP: 29/29 MP: 4/4
  2728 | D:2      | Reached skill level 3 in Axes
  3085 | D:3      | Reached XP level 5. HP: 29/33 MP: 5/5
  3437 | D:3      | Noticed Ijyb
  3445 | D:3      | Killed Ijyb
  3468 | D:3      | Noticed a floating eye
  3469 | D:3      | Found a faded altar of an unknown god.
  3548 | D:3      | Noticed a shining eye
  3548 | D:3      | Noticed an eye of devastation
  3548 | D:3      | Noticed a great orb of eyes
  4096 | D:3      | Reached skill level 4 in Axes
  4096 | D:3      | Reached XP level 6. HP: 29/38 MP: 6/6
  4802 | D:4      | Found a shadowy altar of Dithmenos.
  4821 | D:4      | Reached skill level 5 in Axes
  4821 | D:4      | Reached XP level 7. HP: 22/44 MP: 7/7
  5619 | D:5      | Entered Level 5 of the Dungeon
  5665 | D:5      | Found an iron altar of Okawaru.
  5678 | D:5      | Became a worshipper of Warmaster Okawaru
  6043 | D:5      | Reached skill level 1 in Invocations
  6318 | D:5      | Reached skill level 1 in Evocations
  6647 | D:5      | Reached skill level 5 in Armour
  6870 | D:5      | Reached skill level 5 in Fighting
  6870 | D:5      | Reached XP level 8. HP: 18/49 MP: 7/9
  6871 | D:5      | Reached skill level 6 in Axes
  7361 | D:5      | Found a white marble altar of Elyvilon.
  7903 | D:6      | Found Ankoy's Distillery.
  7920 | D:6      | Reached * piety under Okawaru
  7928 | D:6      | Bought 2 potions of mutation for 176 gold pieces
  7928 | D:6      | Bought a potion of heal wounds for 55 gold pieces
  9220 | D:6      | Noticed Maggie
  9229 | Abyss:1  | Cast into level 1 of the Abyss (Maggie)
  9241 | Abyss:1  | Found a corrupted altar of Lugonu.
  9372 | Abyss:1  | Noticed a smoke demon
  9372 | Abyss:1  | Noticed a worldbinder
  9374 | Abyss:1  | Noticed an orb spider
  9377 | Abyss:1  | Noticed a hellwing
  9384 | Abyss:1  | Noticed an ancient zyme
  9392 | Abyss:1  | Killed from afar by a smoke demon

Illustrated notes

Levels and vault maps discovered:
D:1:      matt_arrival_spirals, layout_loops_corners, minmay_liquid_box
D:2:      layout_basic, kennysheep_decorative_pillar, grunt_ministairs_11,
          chequers_decorated_corner, lexackson_kobold_supper
D:3:      layout_rooms, hellmonk_ecumenical_altar_watching_god,
          kennysheep_minor_cross, uniq_ijyb
D:4:      layout_cave_pods, mainiacjoe_overflow_boulevard, serial_park,
          serial_park_square3 [serial_park_minivault_5x5_5], serial_park_tiny_1,
          serial_park_square2, serial_park_tiny_1, serial_park_square3
          [serial_park_minivault_5x5_8]
D:5:      layout_basic, mainiacjoe_overflow_small_starburst,
          okawaru_ov_weapons_minmay
D:6:      nicolae_whirlpool, layout_cave_pods, serial_column_ruins,
          column_ruins_square_small, column_ruins_grid_5,
          column_ruins_corridor_T, column_ruins_grid_1, column_ruins_open_tiny,
          column_ruins_grid_1, column_ruins_columns_water, serial_shops, shop,
          minmay_misc_feat_nine_boxes, chequers_jeans, uniq_maggie
Abyss:1:  base: Temple, hangedman_elemental_corridor

Skill      XL: |  1  2  3  4  5  6  7  8 |
---------------+-------------------------+-----
Axes           | 2 3 4 5 6 |  6.9
Fighting       | 4 5 |  5.5
Armour         | 4 5 |  5.6
Shields        | 4 |  4.6
Invocations    | 1 2 |  2.9
Evocations     | 1 2 |  2.6

Action                   |  1- 3 |  4- 6 |  7- 9 || total
-------------------------+-------+-------+-------++-------
Melee: War axe           |   108 |   166 |   179 ||   453
  Use: Scroll            |     4 |     5 |     8 ||    17
Armor: Scale mail        |    63 |       |       ||    63
       Chain mail        |     5 |   171 |   198 ||   374
Dodge: Dodged            |    58 |    76 |    98 ||   232
Block: Buckler           |    16 |    40 |    59 ||   115

Table legend: (Time is in decaauts)
 A = Elapsed time spent in this place.
 B = Non-inter-level travel time spent in this place.
 C = Inter-level travel time spent in this place.
 D = Time resting spent in this place.
 E = Time spent auto-exploring this place.
 F = Levels seen in this place.
 G = Mean time per level.
                   A        B        C        D        E       F      G
               +--------+--------+--------+--------+--------+-----+--------+
         Total |   9548 |   9334 |    214 |   3496 |   4193 |   7 | 1364.0 |
       Dungeon |   9382 |   9168 |    214 |   3496 |   4193 |   6 | 1563.7 |
         Abyss |    165 |    165 |      0 |      0 |      0 |   1 |  165.0 |
               +--------+--------+--------+--------+--------+-----+--------+

Top non-repeatable levels by time:
     D:5: 2022 daAuts
     D:1: 1644 daAuts
     D:2: 1505 daAuts
     D:4: 1484 daAuts
     D:6: 1417 daAuts
     D:3: 1309 daAuts
 Abyss:1: 165 daAuts
